 Dungeon Sprint DCSS version 0.23.0 (webtiles) character file.

Game seed: 15963129916452653848

9109 Infinimo the Warrior (level 11, -5/139 HPs)
             Began as an Ogre Berserker on Feb 17, 2019.
             Was the Champion of Trog.
             Slain by an orc warrior
             ... wielding a +0 scimitar
              (13 damage)
             ... in the Dungeon (Sprint IX: "|||||||||||||||||||||||||||||").
             The game lasted 00:03:01 (2386 turns).

Infinimo the Warrior (Ogre Berserker)               Turns: 2386, Time: 00:03:02

Health: -5/139     AC:  8    Str: 29    XL:     11   Next: 41%
Magic:  3/3        EV: 15    Int:  8    God:    Trog [******]
Gold:   657        SH:  0    Dex:  8    Spells: 10/10 levels left

rFire    . . .     SeeInvis .   p - +6 giant spiked club (antimagic)
rCold    . . .     Gourm    .   (shield currently unavailable)
rNeg     . . .     Faith    .   b - +0 animal skin
rPois    .         Spirit   .   (helmet restricted)
rElec    .         Reflect  .   a - +2 cloak
rCorr    .         Harm     .   (gloves unavailable)
MR       +....     NoTele   +   (boots unavailable)
Stlth    +.........             (no amulet)
HPRegen  0.33/turn              n - +3 ring of strength
MPRegen  0.08/turn              o - +2 ring of protection

@: lethally poisoned (-5 -> -6), berserk cooldown, slowed, very slow
A: large, unfitting armour, tough skin 1
a: Berserk, Trog's Hand, Brothers in Arms, Renounce Religion


You were in the Dungeon.
You worshipped Trog.
Trog was exalted by your worship.
You were near starving.

You visited 1 branch You collected 657 gold pieces.

Inventory:

Hand Weapons
 p - a +6 antimagic giant spiked club (weapon)
Armour
 a - a +2 cloak (worn)
 b - a +0 animal skin (worn)
Jewellery
 n - a +3 ring of strength (left hand)
 o - a +2 ring of protection (right hand)
Wands
 l - a wand of acid (10)
Scrolls
 i - 3 scrolls of blinking
 k - 4 scrolls of remove curse
 s - a scroll of fear
Potions
 d - 6 potions of curing
 e - 3 potions of heal wounds
 f - 2 potions of haste
 g - 4 potions of magic
 h - 2 potions of berserk rage
 j - a potion of invisibility
 m - 2 potions of agility
Comestibles
 c - 10 rations


   Skills:
 + Level 17.3 Fighting
 * Level 17.1 Maces & Flails
 + Level 12.8 Dodging


You had 10 spell levels left.
You didn't know any spells.
Your spell library was empty.

Dungeon Overview and Level Annotations

Branches:
Dungeon (1/1)

Altars:
Cheibriados
Dithmenos
Elyvilon
Fedhas
Gozag
Hepliaklqana
Kikubaaqudgha
Makhleb
Nemelex Xobeh
Okawaru
Qazlal
Ru
Sif Muna
Trog
Uskayaw
Vehumet
Wu Jian
Xom
Yredelemnul
Zin
The Shining One
Beogh
Jiyva
Lugonu


Innate Abilities, Weirdness & Mutations

You are too large for most types of armour.
You have tough skin. (AC +1)


Message History

The orc warrior is moderately wounded.
You feel sick.
The orc no longer looks unusually strong.
The orc warrior hits you with a +0 scimitar.
* * * LOW HITPOINT WARNING * * *
The orc warrior is moderately wounded.
You feel sick.
The orc warrior hits you with a +0 scimitar!
* * * LOW HITPOINT WARNING * * *
The orc warrior is moderately wounded.
You feel sick.
You puncture the orc warrior!
The orc warrior is almost dead.
You feel sick.
The orc warrior is almost dead.
You feel sick.
The orc warrior is almost dead.
You feel sick.
The orc warrior hits you with a +0 scimitar!
You die...

▓.▓(▓)▓.▓_▓
▓.▓.▓÷▓.▓_▓
▓.▓.▓.▓.▓_▓
▓.▓(▓.▓.▓_▓
▓.▓(▓.▓.▓_▓
▓.▓.▓.▓.▓_▓
▓)▓.▓.▓.▓_▓
▓)▓.▓.▓.▓_▓
▓@▓.▓.▓.▓_▓
▓o▓.▓.▓.▓_▓
▓o▓.▓)▓.▓_▓
▓o▓.▓'▓.▓_▓
▓o▓.▓÷▓.▓_▓
▓{▓.▓.▓.▓_▓
▓o▓.▓.▓.▓_▓
▓.▓.▓.▓.▓_▓
▓.▓.▓.▓_▓


You could see 4 orc warriors and an orc.

Vanquished Creatures
  A hydra (D)
  An orc high priest (D)
  An unseen horror (D)
  2 orc knights (D)
  A deep elf mage (D)
  An ugly thing (D)
  Joseph (D)
  6 spiny frogs (D)
  A komodo dragon (D)
  3 blink frogs (D)
  3 hippogriffs (D)
  2 yaks (D)
  A basilisk (D)
  3 vampire mosquitoes (D)
  A soldier ant (D)
  A porcupine (D)
  7 orc warriors (D)
  4 crocodiles (D)
  4 bullfrogs (D)
  A hound (D)
  2 orc priests (D)
  An orc wizard (D)
  A shadow imp (D)
  An adder zombie (D)
  A leopard gecko (D)
  8 orcs (D)
  A bat skeleton (D)
  A bat zombie (D)
  2 hobgoblins (D)
  A kobold (D)
  2 bats (D)
  2 quokka zombies (D)
68 creatures vanquished.

Notes
Turn   | Place    | Note
-------+----------+-------------------------------------------
     0 | D        | Infinimo the Ogre Berserker began the quest for the Orb.
     0 | D        | Reached XP level 1. HP: 24/24 MP: 1/1
    10 | D        | Reached ** piety under Trog
    21 | D        | Noticed a hound
    24 | D        | Reached XP level 2. HP: 33/33 MP: 2/2
    35 | D        | Reached *** piety under Trog
    35 | D        | Reached skill level 5 in Fighting
    35 | D        | Reached skill level 5 in Maces & Flails
    35 | D        | Reached XP level 3. HP: 25/44 MP: 3/3
   264 | D        | Found a roughly hewn altar of Beogh.
   264 | D        | Found a snail-covered altar of Cheibriados.
   264 | D        | Found a shadowy altar of Dithmenos.
   264 | D        | Found a white marble altar of Elyvilon.
   264 | D        | Found a blossoming altar of Fedhas.
   264 | D        | Found an opulent altar of Gozag.
   265 | D        | Found a hazy altar of Hepliaklqana.
   266 | D        | Found a viscous altar of Jiyva.
   267 | D        | Found an ancient bone altar of Kikubaaqudgha.
   268 | D        | Found a corrupted altar of Lugonu.
   269 | D        | Found a burning altar of Makhleb.
   270 | D        | Found a sparkling altar of Nemelex Xobeh.
   271 | D        | Found an iron altar of Okawaru.
   272 | D        | Found a stormy altar of Qazlal.
   273 | D        | Found a sacrificial altar of Ru.
   274 | D        | Found a deep blue altar of Sif Muna.
   275 | D        | Found a bloodstained altar of Trog.
   276 | D        | Found a hide-covered altar of Uskayaw.
   277 | D        | Found a radiant altar of Vehumet.
   278 | D        | Found an ornate altar of the Wu Jian Council.
   279 | D        | Found a shimmering altar of Xom.
   280 | D        | Found a basalt altar of Yredelemnul.
   281 | D        | Found a glowing silver altar of Zin.
   282 | D        | Found a glowing golden altar of the Shining One.
   329 | D        | Noticed a yak
   329 | D        | Noticed a hippogriff
   335 | D        | Killed a yak
   335 | D        | Reached **** piety under Trog
   335 | D        | Reached skill level 5 in Dodging
   335 | D        | Reached XP level 4. HP: 53/58 MP: 4/4
   335 | D        | Reached XP level 5. HP: 60/66 MP: 5/5
   339 | D        | Killed a hippogriff
   339 | D        | Reached XP level 6. HP: 72/78 MP: 6/6
   346 | D        | Reached ***** piety under Trog
   470 | D        | Noticed a deep elf mage
   470 | D        | Noticed a cyan ugly thing
   470 | D        | Noticed a soldier ant
   482 | D        | Noticed an ice beast
   482 | D        | Killed a deep elf mage
   482 | D        | Received a gift from Trog
   482 | D        | Reached XP level 7. HP: 88/88 MP: 7/7
   483 | D        | Killed an unseen horror
   483 | D        | Reached XP level 8. HP: 101/101 MP: 8/8
   486 | D        | Killed a cyan ugly thing
   486 | D        | Reached XP level 9. HP: 110/110 MP: 9/9
   945 | D        | Noticed a spiny frog
   945 | D        | Noticed a komodo dragon
   945 | D        | Noticed a spiny frog
   954 | D        | Killed a spiny frog
   954 | D        | Received a gift from Trog
   956 | D        | Reached skill level 10 in Dodging
   959 | D        | Killed a komodo dragon
   969 | D        | Killed a spiny frog
  1225 | D        | Noticed a four-headed hydra
  1225 | D        | Noticed a spiny frog
  1225 | D        | Noticed a spiny frog
  1231 | D        | Killed a four-headed hydra
  1231 | D        | Received a gift from Trog
  1231 | D        | Reached skill level 15 in Fighting
  1231 | D        | Reached XP level 10. HP: 123/124 MP: 3/10
  1239 | D        | Reached skill level 15 in Maces & Flails
  1243 | D        | Killed a spiny frog
  1245 | D        | Killed a spiny frog
  1250 | D        | Reached ****** piety under Trog
  1569 | D        | Noticed a spiny frog
  1569 | D        | Noticed a spiny frog
  1572 | D        | Killed a spiny frog
  1572 | D        | Received a gift from Trog
  1580 | D        | Killed a spiny frog
  1594 | D        | Reached XP level 11. HP: 71/136 MP: 3/11
  1858 | D        | Noticed Joseph
  1867 | D        | Killed Joseph
  1995 | D        | Received a gift from Trog
  2017 | D        | Received a gift from Trog
  2065 | D        | Got a pitted giant club {god gift}
  2070 | D        | Identified the +5 giant club of Jeok {venom, Str+4 Int+4
                  | SInv} (Trog gifted it to you in the Dungeon)
  2352 | D        | Noticed an orc knight
  2352 | D        | Noticed an orc high priest
  2352 | D        | Noticed an orc knight
  2358 | D        | Killed an orc knight
  2358 | D        | Received a gift from Trog
  2367 | D        | Killed an orc high priest
  2374 | D        | Killed an orc knight
  2386 | D        | Slain by an orc warrior

Skill      XL: |  1  2  3  4  5  6  7  8  9 10 11 |
---------------+----------------------------------+-----
Maces & Flails | 3 5 7 9 11 12 14 16 17 | 17.1
Dodging        | 3 4 5 6 8 9 11 12 | 12.8
Fighting       | 5 8 9 11 12 13 15 16 17 | 17.3

Action                   |  1- 3 |  4- 6 |  7- 9 | 10-12 || total
-------------------------+-------+-------+-------+-------++-------
Melee: Mace              |    32 |       |       |       ||    32
       Dire flail        |     5 |    19 |    16 |       ||    40
       Giant spiked club |       |       |    35 |   101 ||   136
Invok: Berserk           |     2 |     1 |     2 |     4 ||     9
  Use: Potion            |       |       |       |     2 ||     2
       Scroll            |       |       |       |     6 ||     6
  Eat: Chunk             |       |     1 |     4 |     3 ||     8
       Ration            |       |       |       |     1 ||     1
Armor: Animal skin       |     9 |     2 |     3 |     1 ||    15
Dodge: Dodged            |    18 |     8 |    28 |    55 ||   109
